 Dungeon Crawl Stone Soup version 0.32-a0-928-g1cae6b7ea0 (webtiles) character file.

Game seed: 8799269849656956237

291 Autsider the Digger (level 6, -7/36 HPs)
             Began as a Gargoyle Earth Elementalist on Apr 12, 2024.
             Mangled by a wight
             ... wielding a +2 heavy spear
              (11 damage)
             ... on level 4 of the Dungeon.
             The game lasted 00:07:00 (3786 turns).

Autsider the Digger (Gargoyle Earth Elementalist)   Turns: 3786, Time: 00:07:00

Health: -7/36      AC:  9    Str: 11    XL:     6   Next: 32%
Magic:  0/10       EV: 11    Int: 18    God:
Gold:   193        SH:  0    Dex: 10    Spells: 7/11 levels left

rFire   . . .        r - +0 flail
rCold   . . .        (no shield)
rNeg    + . .        a - +1 robe
rPois   ∞            l - +0 helmet
rElec   +            k - +0 cloak
rCorr   .            (no gloves)
SInv    .            (no boots)
Will    .....        (no amulet)
Stlth   ++           (no ring)
HPRegen 0.26/turn    (no ring)
MPRegen 0.12/turn

%: no passive effects
@: no status effects
A: sickness immunity, AC +4, negative energy resistance 1, electricity
resistance, torment resistance 1, petrification resistance
a: no special abilities


You were on level 4 of the Dungeon.
You visited 1 branch of the dungeon, and saw 4 of its levels.

You collected 193 gold pieces.

Inventory:

Hand Weapons
 c - a +0 whip
 r - a +0 flail (weapon)
Armour
 a - a +1 robe (worn)
 k - a +0 cloak (worn)
 l - a +0 helmet (worn)
Jewellery
 h - a ring of ice
Scrolls
 e - a scroll of teleportation {unknown}
 j - a scroll of identify {unknown}
 m - a scroll of amnesia {unknown}
 o - a scroll of enchant armour
 q - a scroll of blinking {unknown}
Potions
 b - 2 potions of magic
 d - a potion of mutation {unknown}
 f - 3 potions of haste {unknown}
 g - 4 potions of curing {unknown}
 i - 2 potions of resistance {unknown}
 n - 2 potions of cancellation {unknown}
 p - a potion of heal wounds {unknown}


   Skills:
 + Level 2.6 Fighting
 - Level 1.5 Dodging
 - Level 2.1 Stealth
 + Level 3.1 Spellcasting
 + Level 3.1 Conjurations
 * Level 6.0 Earth Magic


You had 7 spell levels left.
You knew the following spells:

 Your Spells              Type           Power      Damage    Failure   Level
a - Sandblast             Erth           48%        2d12      1%          1
b - Stone Arrow           Conj/Erth      38%        3d9       8%          3

Your spell library contained the following spells:

 Spells                   Type           Power      Damage    Failure   Level
 Passwall                 Erth           24%        N/A       4%          3
 Momentum Strike          Conj/Tloc      16%        3d8       13%         2
 Blink                    Tloc           4%         N/A       24%         2
 Call Imp                 Summ           4%         N/A       24%         2
 Lesser Beckoning         Tloc           4%         N/A       24%         2
 Brom's Barrelling Bould  Conj/Erth      19%        2d4       24%         4
 Inner Flame              Hex/Fire       2%         N/A       43%         3
 Petrify                  Alch/Erth      13%        N/A       43%         4
 Flame Wave               Conj/Fire      8%         2d5       63%         4
 Sticky Flame             Fire/Alch      2%         2d4       85%         4
 Summon Hydra             Summ           1%         N/A       100%        7
 Sublimation of Blood     Necr           Unusable   N/A       N/A         2

Dungeon Overview and Level Annotations

Branches:
Dungeon (4/15)
 Temple: D:4-7

Altars:

Shops:
D:1 *   D:3 =

Annotations:
D:3 exclusion: downstairs


Innate Abilities, Weirdness & Mutations

You are immune to sickness and miasma.
Your stone body is resilient. (AC +4)
You are immune to poison.
You resist negative energy. (rN+)
You are resistant to electric shocks. (rElec)
You are resistant to unholy torment.
You are immune to petrification.


Message History

* * * LOW HITPOINT WARNING * * *
You completely miss the wight.
The wight is moderately damaged.
The wight hits you but does no damage.
You closely miss the wight.
The wight is moderately damaged.
The wight barely misses you.
You hit the wight.
The wight is severely damaged.
The wight hits you with a +2 heavy spear.
* * * LOW HITPOINT WARNING * * *
Casting: Sandblast (safe; 1% risk of failure)
Confirm with . or Enter, or press ? or * to list all spells.
Aiming: Sandblast (safe; 1% risk of failure)
Press: ? - help, Shift-Dir - straight line, f/p - wight
Aim: a wight, wielding a +2 heavy spear and wearing a +2 robe of willpower (severely damaged, 83% to hit)
The blast of sand hits the wight but does no damage.
The wight is severely damaged.
The wight hits you with a +2 heavy spear.
* * * LOW HITPOINT WARNING * * *
You hit the wight but do no damage.
The wight is severely damaged.
The wight misses you.
You closely miss the wight.
The wight is severely damaged.
The wight hits you with a +2 heavy spear!
* * * LOW HITPOINT WARNING * * *
You closely miss the wight.
The wight is severely damaged.
The wight hits you with a +2 heavy spear.
* * * LOW HITPOINT WARNING * * *
Casting: Sandblast (safe; 1% risk of failure)
Confirm with . or Enter, or press ? or * to list all spells.
Aiming: Sandblast (safe; 1% risk of failure)
Press: ? - help, Shift-Dir - straight line, f/p - wight
Aim: a wight, wielding a +2 heavy spear and wearing a +2 robe of willpower (severely damaged, 83% to hit)
The blast of sand hits the wight but does no damage.
The wight is severely damaged.
The wight hits you with a +2 heavy spear!
You die...

.#............##
............#..#
....##...##.#..####
...###....#....#..##
...###....##..#....##
....#.#.............##
....#. ..............#
...... ........$.....##
......#.........@.....#
......##.......)z....##
......##............##
...... .........#..#
....> ##.###........
... #. ....#..###
.....##.# .. #.#.... ##
).


You could see a wight.

Vanquished Creatures
  2 wights
  Natasha (thrice) (D:3)
  3 gnolls (D:3)
  2 adders
  A ribbon worm (D:3)
  3 dart slugs
  3 endoplasms
  4 giant cockroaches
  2 goblins
  4 hobgoblins
  2 jackals (D:4)
  9 kobolds
  3 quokkas
  7 ball pythons
  6 bats
  2 frilled lizards
  2 rats
58 creatures vanquished.

Notes
Turn   | Place    | Note
-------+----------+-------------------------------------------
     0 | D:1      | Autsider the Gargoyle Earth Elementalist began the quest
                  | for the Orb.
     0 | D:1      | Reached XP level 1. HP: 10/10 MP: 3/3
   167 | D:1      | Found Idehaw's Assorted Antiques.
   212 | D:1      | Reached XP level 2. HP: 16/16 MP: 3/5
   368 | D:1      | Reached skill level 4 in Earth Magic
   709 | D:1      | Reached skill level 1 in Fighting
   954 | D:2      | Reached XP level 3. HP: 20/20 MP: 3/6
  1646 | D:3      | Learned a level 3 spell: Stone Arrow
  2018 | D:3      | Reached XP level 4. HP: 25/25 MP: 3/7
  2285 | D:3      | Found Aved's Jewellery Shop.
  2499 | D:3      | Noticed Natasha
  2502 | D:3      | Killed Natasha
  2635 | D:3      | Found a faded altar of an unknown god.
  3215 | D:3      | Noticed Natasha
  3219 | D:3      | Killed Natasha
  3220 | D:3      | Reached skill level 5 in Earth Magic
  3220 | D:3      | Reached XP level 5. HP: 30/30 MP: 3/8
  3341 | D:3      | Noticed Natasha
  3344 | D:3      | Killed Natasha
  3585 | D:3      | Reached XP level 6. HP: 18/36 MP: 4/10
  3773 | D:4      | Reached skill level 6 in Earth Magic
  3786 | D:4      | Mangled by a wight

Illustrated notes

Levels and vault maps discovered:
D:1:      roadster_arrival_rocket_small, layout_loops_ring, serial_shops,
          nicolae_shop_competitors_out_of_business
D:2:      layout_basic
D:3:      layout_basic, serial_shops, shop, shapermc_ecumenical_altar_petra,
          amcnicky_mini_pool_small, palyth_stone_intersect, st_stairs_11,
          grunt_decor_one_mirror, nicolae_concentric_dashed_squares_mild,
          chequers_serial_rivers_small_3, uniq_natasha
D:4:      layout_cave_pools

Skill      XL: |  1  2  3  4  5  6 |
---------------+-------------------+-----
Earth Magic    | 4 5 6 |  6.0
Fighting       | 1 2 |  2.6
Conjurations   | 2 3 |  3.1
Spellcasting   | 3 |  3.1
Dodging        | |  1.5
Stealth        | |  2.1

Action                     |  1- 3 |  4- 6 || total
---------------------------+-------+-------++-------
  Melee: Whip              |     3 |    25 ||    28
         Flail             |       |     7 ||     7
   Cast: Sandblast         |    52 |    33 ||    85
         Stone Arrow       |       |     8 ||     8
    Use: Scroll            |     1 |       ||     1
 Armour: Robe              |     9 |    19 ||    28
  Dodge: Dodged            |     9 |    10 ||    19

Table legend: (Time is in decaauts)
 A = Elapsed time spent in this place.
 B = Non-inter-level travel time spent in this place.
 C = Inter-level travel time spent in this place.
 D = Time resting spent in this place.
 E = Time spent auto-exploring this place.
 F = Levels seen in this place.
 G = Mean time per level.
                   A        B        C        D        E       F      G
               +--------+--------+--------+--------+--------+-----+--------+
         Total |   3845 |   3122 |    723 |     73 |   2594 |   4 |  961.2 |
       Dungeon |   3845 |   3122 |    723 |     73 |   2594 |   4 |  961.2 |
               +--------+--------+--------+--------+--------+-----+--------+

Top non-repeatable levels by time:
     D:3: 1948 daAuts
     D:1: 891 daAuts
     D:2: 766 daAuts
     D:4: 239 daAuts
